 Dungeon Crawl Stone Soup version 0.21.1-1-g345015f (webtiles) character file.

30 inc the Scratcher (level 3, 17/17 HPs)
             Began as a Felid Monk on Mar 16, 2018.
             Quit the game on level 3 of the Dungeon.
             The game lasted 00:02:02 (2235 turns).

inc the Scratcher (Felid Monk)                      Turns: 2235, Time: 00:02:03

Health: 17/17      AC:  1    Str:  7    XL:     3   Next: 3%
Magic:  4/4        EV: 25    Int: 12    God:
Gold:   94         SH:  0    Dex: 23    Spells: 2/2 levels left
                                        Lives:  0   Deaths: 1

rFire    . . .     SeeInvis +     - Unarmed
rCold    + . .     Gourm    .   (shield unavailable)
rNeg     . . .     Faith    .   (armour unavailable)
rPois    .         Spirit   .   (helmet unavailable)
rElec    .         Reflect  .   (cloak unavailable)
rCorr    .         Harm     .   (gloves unavailable)
MR       .....                  (boots unavailable)
Stlth    ++++......             (no amulet)
HPRegen  0.05/turn              i - ring of protection from cold
MPRegen  0.09/turn              (no ring)

@: agile, flying, hasted, very quick
A: very small, no armour, no weapons or thrown items, stealth, claws 1, fangs 3,
see invisible, carnivore, speed 1, shaggy fur 1, slow metabolism 1, sharp paws
a: no special abilities


You were on level 3 of the Dungeon.
You were not hungry.

You visited 1 branch of the dungeon, and saw 3 of its levels.

You collected 94 gold pieces.

Inventory:

Jewellery
 i - a ring of protection from cold (left paw)
Scrolls
 b - 3 scrolls of remove curse {unknown}
 c - a scroll of random uselessness {unknown}
 d - 2 scrolls of identify {unknown}
Potions
 h - 3 potions of agility
Comestibles
 a - 3 rations


   Skills:
 - Level 3.0 Fighting
 - Level 4.0 Dodging
 - Level 2.6 Stealth
 + Level 5.0 Unarmed Combat


You had 2 spell levels left.
You didn't know any spells.

Dungeon Overview and Level Annotations

Branches:
Dungeon (3/15)

Altars:
Elyvilon
Hepliaklqana
Uskayaw

Annotations:
D:3 Grinder


Innate Abilities, Weirdness & Mutations

You cannot wear armour.
You are incapable of wielding weapons or throwing items.
Your paws allow you to move quietly. (Stealth)
You have sharp claws.
You have razor-sharp teeth.
You have supernaturally acute eyesight. (SInv)
You are carnivorous and can eat meat at any time.
You cover ground quickly.
You are covered in fur. (AC +1)
You have a slow metabolism.
Your sharp claws are effective at attacking unaware monsters.


Message History

* * * LOW HITPOINT WARNING * * *
The orc barely misses you. The rat barely misses you. Grinder hits you!
Ouch! That really hurt!
You die...
You writhe in agony.
The rat closely misses you.
The orc hits you from afar with a trident.
You are now level 3!
You rejoin the land of the living...
Found a robe.
Found a stone staircase leading up.
It was a potion of haste.
You feel yourself speed up.
It was a potion of flight.
You feel very buoyant.
You fly up into the air.
You feel more buoyant.
It was a potion of heal wounds.
You feel much better.
It was a potion of curing.
You feel better.
It was a potion of agility.
You feel agile all of a sudden.
Are you sure you want to abandon this character and quit the game? (Confirm with "yes".)

### [.##
#.<. ..#
#.# #@#
#....#
####...#
#.# #


There were no monsters in sight!

Vanquished Creatures
  A dart slug (D:1)
  3 leopard geckos
  2 giant cockroaches (D:1)
  6 goblins
  16 hobgoblins
  10 kobolds
  A ball python (D:1)
  8 bats
  7 frilled lizards
  7 rats
61 creatures vanquished.

Notes
Turn   | Place    | Note
-------+----------+-------------------------------------------
     0 | D:1      | inc the Felid Monk began the quest for the Orb.
     0 | D:1      | Reached XP level 1. HP: 10/10 MP: 2/2
   138 | D:1      | Reached XP level 2. HP: 14/14 MP: 3/3
   460 | D:1      | Reached skill level 4 in Unarmed Combat
   596 | D:1      | Reached XP level 3. HP: 17/17 MP: 4/4
  1342 | D:2      | Found a hide-covered altar of Uskayaw.
  1353 | D:2      | Noticed a hand axe
  1354 | D:2      | Noticed a hand axe
  1897 | D:2      | Found a white marble altar of Elyvilon.
  1899 | D:2      | Found a hazy altar of Hepliaklqana.
  2057 | D:2      | Reached XP level 4. HP: 21/21 MP: 5/5
  2195 | D:3      | Reached skill level 5 in Unarmed Combat
  2218 | D:3      | Noticed Grinder
  2224 | D:3      | Paralysed by Grinder for 6 turns
  2227 | D:3      | HP: 1/21 [rat (1)]
  2228 | D:3      | Mangled by Grinder
  2229 | D:3      | Reached XP level 3. HP: -10/17 MP: 4/4
  2235 | D:3      | Quit the game

Skill      XL: |  1  2  3  4 |
---------------+-------------+-----
Unarmed Combat | 4 5 |  5.0
Fighting       | |  3.0
Dodging        | |  4.0
Stealth        | |  2.6

Action                   |  1- 3 |  4- 6 || total
-------------------------+-------+-------++-------
Melee: Unarmed           |   118 |    12 ||   130
       Punch             |     1 |       ||     1
       Bite              |     9 |     2 ||    11
  Use: Potion            |     6 |       ||     6
 Stab: Sleeping          |    15 |       ||    15
  Eat: Chunk             |     3 |       ||     3
Armor: Skin              |    10 |     2 ||    12
Dodge: Dodged            |   107 |    23 ||   130
